[Event "*** Titled Tuesday Blitz"]
[Site "Chess.com"]
[Date "2020.05.05"]
[Round "4"]
[White "Zakaryan_David"]
[Black "Harsha_Bharathakoti"]
[Result "0-1"]
[WhiteElo "2563"]
[BlackElo "2831"]
[TimeControl "180+1"]
[EndTime "10:41:15 PDT"]
[Termination "Harsha_Bharathakoti won by resignation"]

1. d4 Nf6 2. c4 e6 3. Nf3 d5 4. g3 dxc4 5. Qa4+ Bd7 6. Qxc4 c5 7. Bg2 Bc6 8. O-O Nbd7 9. Nc3 Rc8 10. Rd1 Be7 11.
Bg5 O-O 12. Bxf6 Bxf6 13. dxc5 Qe7 14. b4 Nxc5 15. bxc5 Bxf3 16. Bxf3 Rxc5 17. Qb3 Rxc3 18. Qxb7 Qxb7 19. Bxb7 Rc2 20. Rab1 Rxe2 21. a4 Ra2 22. Bc6 Rc8 23. Bd7 Rd8 24. Bb5 Bd4 25. Rbc1 e5 26. Kh1 Rxf2 27. Rc7 Rf8 28. Rf1 Rxf1+ 29. Bxf1 g6 30. Bc4 Kg7 31. Kg2 h5 32. Kf3 g5 33.
h3 Kg6 34. Bd3+ f5 35. Rc6+ Rf6 36. Rxf6+ Kxf6 37. Bb5 e4+ 38. Ke2 Ke5 39. Be8 h4 40. gxh4 gxh4 41. Bh5 f4 42. Bg4 f3+ 43. Kf1 Kf4 44.
Bd7 e3 0-1

[Event "*** Titled Tuesday Blitz"]
[Site "Chess.com"]
[Date "2020.05.05"]
[Round "4"]
[White "Atanejhad"]
[Black "Caterpiller35"]
[Result "1-0"]
[WhiteElo "2481"]
[BlackElo "2297"]
[TimeControl "180+1"]
[EndTime "10:41:15 PDT"]
[Termination "Atanejhad won on time"]

1. e4 c5 2. Nf3 Nc6 3. c3 Nf6 4. e5 Nd5 5. Bc4 e6 6. O-O d6 7. exd6 Bxd6 8. d4 cxd4 9. Nxd4 O-O 10. h3 Ne5 11. Bxd5 exd5 12. Nd2 Re8 13. N2f3 Ng6 14.
Re1 Rxe1+ 15. Qxe1 Bd7 16. Be3 Qc7 17. Rd1 Re8 18. Qf1 Nf4 19. Nb5 Bxb5 20. Qxb5 Qc6 21.
Qb3 d4 22. Bxf4 Bxf4 23. Nxd4 Qe4 24. Nf3 h5 25. Qb5 g5 26. Qf1 g4 27. Re1 Qc6 28.
Rxe8+ Qxe8 29. hxg4 hxg4 30. Nd4 g3 31. Qe2 Qb8 32.
Qg4+ Kf8 33. Nf5 gxf2+ 34. Kxf2 Qe5 35. g3 Bc1 36. Qb4+ Kg8 37. g4 Bd2 38. Qd4 Qe1+ 39. Kf3 Qf1+ 40. Ke4 Qg2+ 41. Kd3 1-0

[Event "*** Titled Tuesday Blitz"]
[Site "Chess.com"]
[Date "2020.05.05"]
[Round "4"]
[White "Gromes7"]
[Black "ChronicUnhappiness"]
[Result "0-1"]
[WhiteElo "2100"]
[BlackElo "2309"]
[TimeControl "180+1"]
[EndTime "10:41:15 PDT"]
[Termination "ChronicUnhappiness won by resignation"]

1. e4 Nf6 2. Nc3 d5 3. e5 d4 4. exf6 dxc3 5. fxg7 cxd2+ 6. Qxd2 Qxd2+ 7. Bxd2 Bxg7 8.
O-O-O Nc6 9. Bc4 Bf5 10. Ne2 O-O 11. h4 h6 12. f3 Ne5 13. Bb3 c5 14. Bd5 Rad8 15.
Bc3 b6 16. g4 Bh7 17. f4 Nxg4 18. Bxg7 Kxg7 19. Rhg1 f5 20. h5 Bg8 21. Bf3 Rxd1+ 22. Kxd1 Be6 23. Ng3 Kf6 24. Nf1 Rg8 25. b3 Nf2+ 26.
Ke2 Rxg1 27. Kxf2 Rg8 28. c4 Rd8 29. Ke3 Bf7 30. Ng3 e5 31. fxe5+ Kxe5 32. Ne2 Rd4 33. Nc3 Rh4 34. Ne2 Bxh5 35. Bxh5 Rxh5 36. Nf4 Rh1 37.
Ng6+ Kf6 38. Nf4 Ra1 39. Nd5+ Ke5 40. Nc3 h5 41. Kf3 f4 42. Kf2 h4 43. Kf3 h3 44.
Nd5 Rxa2 45. Nxf4 h2 46. Nd3+ Kd4 47. Nf2 Rxf2+ 48. Kxf2 h1=Q 0-1

[Event "*** Titled Tuesday Blitz"]
[Site "Chess.com"]
[Date "2020.05.05"]
[Round "4"]
[White "lachesisQ"]
[Black "TheBigBoss04"]
[Result "1-0"]
[WhiteElo "3087"]
[BlackElo "2722"]
[TimeControl "180+1"]
[EndTime "10:41:16 PDT"]
[Termination "lachesisQ won by resignation"]

1. c4 Nf6 2. Nc3 e5 3. Nf3 Nc6 4. e4 Bc5 5. Nxe5 Nxe5 6. d4 Bb4 7. dxe5 Nxe4 8. Qf3 Nxc3 9. bxc3 Bc5 10. Qg3 Kf8 11. Bf4 d6 12. Rd1 Qe7 13. Be2 h5 14. h4 dxe5 15. Bxe5 Bg4 16. Bxg4 hxg4 17. Kd2 Re8 18.
Rhe1 Qd7+ 19. Kc1 Ba3+ 20. Kb1 Qf5+ 21. Ka1 Qc2 22. Rb1 f6 23. Rb3 Rxe5 24. Reb1 Re2 25.
Rxa3 Rd2 26. Qxc7 Rd1 27. Qb8+ Kf7 28. Qxb7+ Kg6 29. Qb3 Rxb1+ 30. Qxb1 Qxb1+ 31. Kxb1 Rxh4 32. c5 g3 33. fxg3 Rc4 34. Kc2 Rxc5 35. Rxa7 Rg5 36. Rd7 Rxg3 37. Rd2 Kf7 38. a4 Rg4 39. Kb3 Re4 40. a5 f5 41. a6 f4 42. a7 Re8 43. Kb4 Ra8 44. Ra2 Ke6 45. Kc5 Kd7 46. Kb6 g5 47. Kb7 Rf8 48. a8=Q Rxa8 49. Rxa8 1-0

[Event "*** Titled Tuesday Blitz"]
[Site "Chess.com"]
[Date "2020.05.05"]
[Round "4"]
[White "Alexander_Donchenko"]
[Black "Gubajdullin"]
[Result "0-1"]
[WhiteElo "2787"]
[BlackElo "2542"]
[TimeControl "180+1"]
[EndTime "10:41:16 PDT"]
[Termination "Gubajdullin won on time"]

1. c4 c6 2. d4 d5 3. Nc3 Nf6 4. cxd5 cxd5 5. Bf4 e6 6. e3 Be7 7. Bd3 O-O 8. Nf3 Nc6 9. O-O Bd7 10. h3 Qb6 11. Qe2 Rfc8 12. Rfc1 Qd8 13. a3 a6 14.
Rc2 b5 15. Na2 Na5 16. Rac1 Rxc2 17. Rxc2 Nc4 18. Ne5 Be8 19. Nb4 Qb6 20. Rc1 a5 21.
Na2 g6 22. Bg5 Qd8 23. a4 Nxe5 24. dxe5 Nd7 25. Bxe7 Qxe7 26. Bxb5 Nxe5 27. Nc3 Qb4 28. Qd1 Qxb2 29. Bxe8 Rxe8 30. Nb5 Nc4 31. Rb1 Qe5 32. Qd4 Rc8 33. Qxe5 Nxe5 34. Nd6 Rd8 35. Rb6 Kg7 36. Ra6 g5 37. g4 Nd3 38. Nb5 Rc8 39. Nd4 Rc1+ 40.
Kg2 Ra1 41. Rxa5 Ra2 42. Ra8 Nxf2 43. a5 Nxg4+ 44. Kf3 Nh2+ 45. Kg3 h5 46. h4 Nf1+ 47. Kf3 g4+ 48. Kf4 Kf6 49. Nf3 Rf2 0-1

[Event "*** Titled Tuesday Blitz"]
[Site "Chess.com"]
[Date "2020.05.05"]
[Round "4"]
[White "IMRosen"]
[Black "MisiekZielony"]
[Result "1-0"]
[WhiteElo "2568"]
[BlackElo "2153"]
[TimeControl "180+1"]
[EndTime "10:41:16 PDT"]
[Termination "IMRosen won on time"]

1. d4 d5 2. Bf4 Nf6 3. e3 c5 4.
Nf3 cxd4 5. exd4 Nc6 6. Nbd2 Bg4 7. Bb5 Qb6 8. c4 dxc4 9. a4 a6 10. Nxc4 Qd8 11. Bxc6+ bxc6 12. h3 Be6 13. Rc1 Bd5 14. a5 Bxc4 15. Rxc4 Qxa5+ 16. Bd2 Qd5 17. Qc2 e6 18.
Rxc6 Qe4+ 19. Qxe4 Nxe4 20. Ne5 Nxd2 21. Kxd2 Bb4+ 22.
Kd3 O-O 23. Rhc1 a5 24. Rb6 Rfd8 25. Rc7 Bd6 26. Rxd6 Rxd6 27. Nxf7 Rd5 28. f4 Rf8 29. Ng5 Re8 30. Ke4 Rb5 31. Nf3 Rxb2 32. Ra7 Rxg2 33. Rxa5 Rg3 34. h4 Rf8 35. Ng5 Re8 36. Ra6 h6 37.
Nxe6 Rg4 38. d5 Rxh4 39. Kf5 Rh1 40. Ra7 Rg1 41. d6 Rd1 42. d7 Rd8 43. Nxd8 1-0

[Event "*** Titled Tuesday Blitz"]
[Site "Chess.com"]
[Date "2020.05.05"]
[Round "4"]
[White "Boliviar"]
[Black "GM_DarwinLaylo"]
[Result "0-1"]
[WhiteElo "2313"]
[BlackElo "2523"]
[TimeControl "180+1"]
[EndTime "10:41:16 PDT"]
[Termination "GM_DarwinLaylo won on time"]

1. e4 d5 2. exd5 Nf6 3. Nc3 Nxd5 4. Bc4 c6 5. Nf3 Bf5 6. d3 e6 7. O-O Be7 8. Re1 O-O 9. a4 Nd7 10. Ne4 Bg6 11. Bd2 h6 12. Ng3 Qc7 13. a5 Rfe8 14.
c3 Rad8 15. Bxd5 cxd5 16. Be3 a6 17. d4 Rc8 18. Ne5 Nxe5 19. Bf4 Bd6 20. Bxe5 Bxe5 21. Rxe5 Rb8 22. Qe2 Rec8 23. f4 Re8 24. f5 f6 25.
Rxe6 Bf7 26. Rxe8+ Rxe8 27. Qd3 h5 28. Ne2 h4 29. g3 Re4 30. Nf4 Qd7 31. Ng2 hxg3 32. hxg3 Qxf5 33. Rf1 Qd7 34. Qf3 Qd8 35. Nf4 Qxa5 36.
Qg4 Qd8 37. Rf2 g5 0-1

[Event "*** Titled Tuesday Blitz"]
[Site "Chess.com"]
[Date "2020.05.05"]
[Round "4"]
[White "Dii210"]
[Black "Gvetadze"]
[Result "0-1"]
[WhiteElo "2037"]
[BlackElo "2377"]
[TimeControl "180+1"]
[EndTime "10:41:16 PDT"]
[Termination "Gvetadze won by checkmate"]

1. c4 Nf6 2. Nc3 g6 3. g3 Bg7 4. Bg2 O-O 5. e3 d6 6. Nge2 Nbd7 7. O-O e5 8. d4 Qe7 9. b3 c6 10. Ba3 Rd8 11. Rc1 Nf8 12. h3 e4 13. Qc2 Re8 14.
Rfd1 h5 15. h4 Bg4 16. Rd2 Bf3 17. Nf4 Ne6 18. Nxe6 Qxe6 19. Ne2 Bxg2 20. Kxg2 Qg4 21. Ng1 Rad8 22. Qd1 Qf5 23. Nh3 Ng4 24. Nf4 Bh6 25.
d5 c5 26. Bb2 Bg7 27. Bxg7 Kxg7 28. Qc2 Ne5 29. Qc3 Kg8 30. a3 Qg4 31. Rdd1 Qf3+ 32. Kg1 Ng4 33. Qd2 Ne5 34. Qe2 Qxe2 35. Nxe2 f6 36. Nf4 Kf7 37. Rc3 Rh8 38. Ne6 Rdg8 39. b4 g5 40. hxg5 h4 41. gxh4 Rxh4 42.
Kf1 fxg5 43. bxc5 dxc5 44. Ke2 Nf3 45. Rb3 b6 46. a4 g4 47. a5 g3 48. fxg3 Rh2+ 49.
Kf1 Rxg3 50. Nf4 Rg1# 0-1

[Event "*** Titled Tuesday Blitz"]
[Site "Chess.com"]
[Date "2020.05.05"]
[Round "4"]
[White "LeonValdes"]
[Black "SketchyMoves"]
[Result "0-1"]
[WhiteElo "2397"]
[BlackElo "2619"]
[TimeControl "180+1"]
[EndTime "10:41:17 PDT"]
[Termination "SketchyMoves won by resignation"]

1. d4 e6 2. c4 Bb4+ 3. Bd2 Qe7 4. Nf3 Nf6 5. g3 Nc6 6. Bg2 Bxd2+ 7. Nbxd2 d6 8. O-O O-O 9. e4 e5 10. d5 Nb8 11.
Qc2 a5 12. Ne1 Na6 13. Nd3 Bg4 14. f3 Bd7 15. f4 b6 16. Rac1 c6 17. Rce1 Rfe8 18.
Qb3 Rab8 19. dxc6 Bxc6 20. Nb1 b5 21. Nc3 Qa7+ 22. Kh1 bxc4 23. Qxc4 Rec8 24. fxe5 Bxe4 25. Qa4 Bxd3 26. exf6 Bxf1 27. Rxf1 Rb4 28. Qd1 Qd4 29. Qf3 Nc7 30. fxg7 Qxg7 31. Ne4 Rxb2 32. Nf6+ Kh8 33. Qf5 Rcb8 34. Be4 Ne6 35. Nh5 Qg6 36. Qxf7 Qxf7 37.
Rxf7 Ng5 38. Re7 Nxe4 39. Rxe4 Rxa2 40. Re1 Kg8 41. Nf6+ Kf7 42. Ne4 Rbb2 43. Nxd6+ Kg6 44. Ne4 Rxh2+ 45. Kg1 Rag2+ 46. Kf1 Rh1+ 47. Kxg2 Rxe1 48. Nc3 Rc1 49. Nd5 a4 50. Nb4 a3 51. Kf3 Rc4 52. Na2 Rc2 53. Nb4 Rb2 54. Nd3 Rb3 0-1

[Event "*** Titled Tuesday Blitz"]
[Site "Chess.com"]
[Date "2020.05.05"]
[Round "4"]
[White "Arek_pacitan"]
[Black "mamey78"]
[Result "1-0"]
[WhiteElo "2552"]
[BlackElo "2330"]
[TimeControl "180+1"]
[EndTime "10:41:17 PDT"]
[Termination "Arek_pacitan won on time"]

1. d4 d5 2. Nf3 Nf6 3. Bf4 e6 4. e3 c5 5. Nbd2 Bd6 6. Bg3 Qc7 7. c3 Nbd7 8. Bd3 O-O 9. Qe2 e5 10. dxe5 Nxe5 11. Nxe5 Bxe5 12. Bxe5 Qxe5 13. Nf3 Qh5 14. h3 Re8 15. Bb5 Bd7 16. Bxd7 Nxd7 17. O-O Ne5 18. Rfd1 Rad8 19. Kf1 Nc4 20. b3 Nd6 21. Nd2 Qg6 22.
Rac1 d4 23. cxd4 cxd4 24. Nc4 dxe3 25. Nxe3 Ne4 26. Kg1 Qf6 27. Ng4 Qf4 28. Re1 h5 29. Qe3 Qf5 30. Nh2 Rd2 31. Rf1 Re6 32. Nf3 Rxa2 33.
Nd4 Qe5 34. Nxe6 Qxe6 35. Rfe1 f5 36. f3 Qg6 37. Re2 Rxe2 38. Qxe2 Ng3 39. Qe3 h4 40. Rc8+ Kh7 41. Rc4 f4 42. Qe1 1-0

[Event "*** Titled Tuesday Blitz"]
[Site "Chess.com"]
[Date "2020.05.05"]
[Round "4"]
[White "Rud_Makarian"]
[Black "Nbk90"]
[Result "1-0"]
[WhiteElo "2739"]
[BlackElo "2494"]
[TimeControl "180+1"]
[EndTime "10:41:18 PDT"]
[Termination "Rud_Makarian won on time"]

1. d4 Nf6 2. c4 e6 3. Nf3 d5 4. Nc3 Nbd7 5. cxd5 exd5 6. Bf4 c6 7. Qc2 Nb6 8. h3 g6 9. e3 Bf5 10. Bd3 Bxd3 11.
Qxd3 Be7 12. Bh6 Bf8 13. Bf4 Be7 14. Ne5 Nh5 15. Bh2 O-O 16. g4 Ng7 17. O-O-O Bd6 18.
f4 f6 19. Nf3 Re8 20. h4 Qe7 21.
Rde1 Bb4 22. h5 Bxc3 23. Qxc3 gxh5 24. gxh5 Nf5 25. h6 Kh8 26. Rhg1 Rg8 27. Qd3 Nd6 28.
f5 Ne4 29. Ne5 Nd7 30. Ng6+ hxg6 31. fxg6 Qe6 32. Bf4 Qf5 33. g7+ Kh7 34. Ref1 Qe6 35.
Qe2 f5 36. Qh5 Rae8 37. Be5 Nxe5 38. dxe5 d4 39. Rxf5 d3 40. Rf6 d2+ 41. Kb1 d1=Q+ 42. Qxd1 Qxe5 43. Rf7 1-0

[Event "*** Titled Tuesday Blitz"]
[Site "Chess.com"]
[Date "2020.05.05"]
[Round "4"]
[White "Vuk2000"]
[Black "KaterinaMiroshnik"]
[Result "1-0"]
[WhiteElo "2636"]
[BlackElo "2433"]
[TimeControl "180+1"]
[EndTime "10:41:18 PDT"]
[Termination "Vuk2000 won by checkmate"]

1. d4 e6 2. Bf4 Nf6 3. e3 d5 4.
Nf3 Bd6 5. Bg3 c5 6. c3 O-O 7. Nbd2 Nc6 8. Bb5 Ne7 9. Bd3 b6 10. O-O Bb7 11. Qe2 Ne4 12. Ba6 Bxa6 13. Qxa6 Bxg3 14.
hxg3 Nd6 15. Rfe1 Qc7 16. Rad1 Rac8 17. e4 dxe4 18. Nxe4 Nxe4 19. Rxe4 c4 20. Qa4 Nd5 21. Rde1 Qb7 22. a3 b5 23. Qc2 a5 24. Rh4 Nf6 25. g4 g6 26. Qd2 Nd5 27. Qh6 f6 28. g5 Qg7 29. Qxg7+ Kxg7 30. gxf6+ Rxf6 31. Ng5 h6 32. Nxe6+ Kh7 33. Rhe4 b4 34. axb4 axb4 35. Re5 bxc3 36. bxc3 Nxc3 37. Nc5 Rf7 38. Re7 Rc7 39. Re8 Nd5 40. Rd8 Nf6 41. Rc1 Ng4 42. f3 Ne3 43. Rc3 Rce7 44. Ne4 Nf5 45. Rxc4 Ra7 46. Rcc8 g5 47. d5 Nh4 48. Rh8+ Kg6 49. Rcg8+ Kh5 50. g4# 1-0

[Event "*** Titled Tuesday Blitz"]
[Site "Chess.com"]
[Date "2020.05.05"]
[Round "4"]
[White "icychess54"]
[Black "nickmatta"]
[Result "1/2-1/2"]
[WhiteElo "2286"]
[BlackElo "2457"]
[TimeControl "180+1"]
[EndTime "10:41:18 PDT"]
[Termination "Game drawn by repetition"]

1. c4 c5 2. Nf3 Nc6 3. Nc3 g6 4. d4 cxd4 5. Nxd4 Bg7 6. e3 Nf6 7.
Be2 O-O 8. O-O d5 9. b3 Nxd4 10.
exd4 Ne4 11. Nxe4 dxe4 12. Be3 f5 13. d5 e5 14. c5 f4 15. Bc1 f3 16. Bc4 Qh4 17. d6+ Kh8 18. Re1 Bg4 19. g3 Qh5 20. Qd5 Rae8 21. Bb2 Be6 22. Qxe4 Bxc4 23. Qxc4 Rf4 24.
Qf1 Rf7 25. Rad1 Rd7 26. Re4 Qf5 27. Rde1 b6 28. b4 bxc5 29. bxc5 Rb7 30. Ba1 Rc8 31. Rc4 Qe6 32. c6 Rf7 33. d7 Rcf8 34. Rd1 Bf6 35. c7 Rxd7 36. c8=Q Rxc8 37. Rxc8+ Kg7 38. Rxd7+ Qxd7 39. Rc1 h5 40. Rd1 Qf5 41. Re1 h4 42. Kh1 hxg3 43. fxg3 g5 44. Qf2 g4 45. Qe3 f2 46. Rf1 Bg5 47. Qxf2 Qe4+ 48. Qg2 Qc4 49. Re1 Bf6 50. Bxe5 Bxe5 51. Rxe5 Qc1+ 52. Qg1 Qc6+ 53. Qg2 Qc1+ 54. Qg1 Qc6+ 55. Qg2 Qc1+ 1/2-1/2

[Event "*** Titled Tuesday Blitz"]
[Site "Chess.com"]
[Date "2020.05.05"]
[Round "4"]
[White "VinzentSpitzl"]
[Black "kinga2008"]
[Result "1-0"]
[WhiteElo "2393"]
[BlackElo "2105"]
[TimeControl "180+1"]
[EndTime "10:41:18 PDT"]
[Termination "VinzentSpitzl won by resignation"]

1. e4 c5 2. Nf3 g6 3. d4 cxd4 4. Qxd4 Nf6 5. Nc3 d6 6. e5 Nc6 7.
Qa4 dxe5 8. Nxe5 Bd7 9. Nxd7 Qxd7 10. Be3 Bg7 11. Rd1 Qc8 12. Be2 O-O 13. O-O a6 14. Qb3 b5 15. Bf3 Rb8 16. Nd5 Nxd5 17. Bxd5 Na5 18.
Qb4 Nc4 19. Ba7 Nxb2 20. Rb1 Qxc2 21. Bxb8 Rxb8 22. Qxe7 Qf5 23. Bb3 Rf8 24. Qe2 Nd3 25. Bc2 Nf4 26. Qe4 Qg5 27. g3 Nd5 28. h4 Qe5 29. Qxe5 Bxe5 30. Bb3 Nc3 31. Rbe1 Bg7 32. Re7 a5 33. a3 a4 34. Bc2 Nd5 35. Rb7 Nc3 36.
Re1 Bf6 37. Kg2 Nd5 38. Rxb5 Nc3 39. Rb4 Be7 40. Rc4 Nb5 41. Rxa4 Nxa3 42. Bd3 Bd6 43. Ra1 Rd8 44. R4xa3 Bxa3 45. Rxa3 Kg7 46. Be4 Kf6 47. Bf3 Re8 48. Ra8 Kg7 49. Rxe8 1-0

[Event "*** Titled Tuesday Blitz"]
[Site "Chess.com"]
[Date "2020.05.05"]
[Round "4"]
[White "Chessalary"]
[Black "talman67"]
[Result "1-0"]
[WhiteElo "2176"]
[BlackElo "2527"]
[TimeControl "180+1"]
[EndTime "10:41:18 PDT"]
[Termination "Chessalary won on time"]

1. e4 e5 2. Nf3 Nc6 3. Bc4 Bc5 4. c3 Nf6 5. d3 d6 6. O-O a5 7. Bb3 h6 8. h3 O-O 9. Bc2 Re8 10. d4 Bb6 11. Re1 Bd7 12. a3 Qb8 13. Nbd2 exd4 14. Nc4 d3 15. Qxd3 Bc5 16. e5 Nxe5 17. Nfxe5 dxe5 18. Nxe5 Qa7 19. Qg3 Re6 20. Bxh6 Bxf2+ 21. Qxf2 Qxf2+ 22. Kxf2 gxh6 23. Bf5 Re7 24. Nxd7 Rxd7 25.
Bxd7 Nxd7 26. Re7 Nc5 27. Rxc7 b6 28. b4 axb4 29. cxb4 Ne4+ 30. Kf3 Nd6 31. Kg4 Kg7 32. Rd1 Nb5 33. Re7 Rxa3 34. Rdd7 h5+ 35. Kxh5 Kf6 36.
Rxf7+ Ke6 37. Rde7+ Kd6 38. Rd7+ Kc6 39. Rd2 Rb3 40.
g4 Rxb4 41. g5 Nd4 42. Rf6+ Kc5 43. g6 Rb3 44. g7 1-0

[Event "*** Titled Tuesday Blitz"]
[Site "Chess.com"]
[Date "2020.05.05"]
[Round "4"]
[White "temus_galaktionov"]
[Black "LuckSlayeer"]
[Result "1-0"]
[WhiteElo "2766"]
[BlackElo "2513"]
[TimeControl "180+1"]
[EndTime "10:41:19 PDT"]
[Termination "temus_galaktionov won on time"]

1. d4 Nf6 2. Nf3 e6 3. c4 Bb4+ 4. Nbd2 O-O 5. a3 Be7 6. e3 b6 7. b4 c5 8. bxc5 bxc5 9. Bb2 d5 10. Be2 cxd4 11. Nxd4 Ba6 12. O-O Qd7 13. cxd5 exd5 14. N2f3 Bxe2 15. Qxe2 Nc6 16. Rfd1 Rab8 17. Nxc6 Qxc6 18.
Be5 Rbc8 19. h3 Ne4 20. Qd3 Rfd8 21. Qd4 Bf6 22. Bxf6 Nxf6 23. Qxa7 h6 24. Qd4 Ne4 25. Qd3 Qa4 26. Qd4 Qc2 27. Nd2 Nc3 28. Re1 Nb5 29.
Qb4 Rb8 30. Rec1 Qd3 31. Nf3 d4 32. Qc4 Qxc4 33. Rxc4 d3 34. Nd2 Nd6 35. Rd4 Nf5 36. Rxd8+ Rxd8 37. Kf1 Nd6 38. a4 Nb7 39. a5 Ra8 40.
Nb3 Kf8 41. Ke1 Ke7 42. Kd2 Kd6 43. Kxd3 Ra6 44. Kc4 Nd8 45. Kb5 Ra8 46. a6 Kc7 47. Nc5 Nc6 48. Rd1 Rb8+ 49. Kc4 1-0

[Event "*** Titled Tuesday Blitz"]
[Site "Chess.com"]
[Date "2020.05.05"]
[Round "4"]
[White "PavlovDanila"]
[Black "WinningButNotReally"]
[Result "0-1"]
[WhiteElo "2688"]
[BlackElo "2455"]
[TimeControl "180+1"]
[EndTime "10:41:20 PDT"]
[Termination "WinningButNotReally won by resignation"]

1. e4 e5 2. Nf3 Nc6 3. Bb5 a6 4. Bxc6 dxc6 5. O-O Bg4 6. h3 h5 7. d3 Qf6 8. Be3 Bxf3 9. Qxf3 Qxf3 10. gxf3 O-O-O 11. Nd2 Bd6 12. Rfb1 Ne7 13. b4 g5 14. Kf1 Rhg8 15.
Ke2 g4 16. fxg4 hxg4 17. hxg4 Rxg4 18. a4 f6 19. b5 cxb5 20. axb5 axb5 21. Rxb5 b6 22. c3 Nc6 23. d4 exd4 24. cxd4 Bb4 25. Ra8+ Kd7 26. Rxd8+ Kxd8 27. Kf3 Rh4 28. Nc4 Bc3 29.
Ke2 Ke7 30. Kd3 Be1 31. Rb1 Ba5 32. d5 Nb4+ 33. Ke2 Rxe4 34. Nxa5 bxa5 35. Ra1 Nxd5 36. Rxa5 Ke6 37. Kd3 Rh4 38. Ra6+ Ke5 39. Bc5 Rh3+ 40. Ke2 Rc3 41. Ba3 Rc2+ 42. Kf3 f5 43. Ra4 c5 44. Ra5 c4 45. Bf8 Rc3+ 46. Ke2 Ke4 47. Bg7 Nf4+ 48. Kd2 Rd3+ 49. Ke1 Rb3 50. Ra4 Kd3 51. Ra1 c3 52. Rd1+ Kc2 53. f3 Nd3+ 54. Ke2 Nc1+ 55. Ke1 Nd3+ 56. Ke2 Nf4+ 57. Ke1 Rb7 58. Rd4 Nd3+ 59.
Ke2 Nc1+ 60. Kf2 Rxg7 0-1

[Event "*** Titled Tuesday Blitz"]
[Site "Chess.com"]
[Date "2020.05.05"]
[Round "4"]
[White "DinaBelenkaya"]
[Black "dolynachess"]
[Result "0-1"]
[WhiteElo "2128"]
[BlackElo "2401"]
[TimeControl "180+1"]
[EndTime "10:41:20 PDT"]
[Termination "dolynachess won on time"]

1. e4 c5 2. Nc3 e6 3. g3 Nc6 4. Bg2 Nf6 5. Nge2 d6 6. O-O Be7 7. d3 O-O 8. Be3 Rb8 9. h3 b5 10. Qd2 Qc7 11. f4 Rd8 12. g4 b4 13. Nd1 d5 14. g5 Ne8 15. e5 a5 16. Ng3 Nd4 17. Nf2 a4 18. Ng4 b3 19. axb3 axb3 20. c3 Nc2 21. Rab1 Nxe3 22. Qxe3 d4 23. Qe2 dxc3 24.
bxc3 c4 25. d4 Bb7 26. Ne4 Bxe4 27. Bxe4 Ra8 28. Nf6+ gxf6 29. gxf6 Nxf6 30. exf6 Bxf6 31. Qh5 Ra2 32. Kh1 Kf8 33. Qxh7 Ke7 34. Bg6 Qc6+ 35. Be4 Qd6 36. Bg6 Qd5+ 37. Be4 Qd6 38. Rf3 Rh8 39.
Qxh8 Bxh8 40. f5 Bf6 41. fxe6 Qxe6 42. Re1 Kf8 43. d5 Qd6 44. Ref1 Be5 45. Rxf7+ Ke8 46.
Bf5 Qxd5+ 0-1

[Event "*** Titled Tuesday Blitz"]
[Site "Chess.com"]
[Date "2020.05.05"]
[Round "4"]
[White "MikhailovViacheslav"]
[Black "AvitalBor"]
[Result "0-1"]
[WhiteElo "2587"]
[BlackElo "2837"]
[TimeControl "180+1"]
[EndTime "10:41:21 PDT"]
[Termination "AvitalBor won on time"]

1. Nf3 d5 2. g3 g6 3. Bg2 Bg7 4. d4 c6 5. O-O Nf6 6. c4 dxc4 7. a4 Ne4 8. Na3 Nd6 9. Ne5 O-O 10.
e4 Na6 11. Qe2 Nb4 12. Rd1 a5 13. Bd2 Be6 14. Bc3 Nd3 15. Nxd3 cxd3 16. Rxd3 Qb6 17. e5 Nc4 18. d5 cxd5 19. Nb5 Rad8 20. b3 d4 21. Rxd4 Nd6 22. exd6 exd6 23. Rd3 Bxc3 24. Rxc3 d5 25. Rd1 Rfe8 26. Qd2 Bg4 27. Re1 Rxe1+ 28. Qxe1 d4 29. Rd3 h5 30. Qd2 Re8 31. Rxd4 Re2 32.
Qc3 Qf6 33. f3 Be6 34. f4 Kh7 35. h4 Qf5 36. Qd3 Qg4 37. Qf3 Re1+ 38. Kf2 Rb1 39. Qxg4 hxg4 40. Rd2 Rxb3 41. Nd4 Rb4 42. Nxe6 fxe6 43.
Rd7+ Kh6 44. Rxb7 Rxa4 45. Bc6 Ra2+ 46. Ke3 Ra3+ 47. Kd4 Rxg3 0-1

[Event "*** Titled Tuesday Blitz"]
[Site "Chess.com"]
[Date "2020.05.05"]
[Round "4"]
[White "LogoCzar"]
[Black "Azatic"]
[Result "0-1"]
[WhiteElo "2347"]
[BlackElo "2621"]
[TimeControl "180+1"]
[EndTime "10:41:22 PDT"]
[Termination "Azatic won by checkmate"]

1. d4 Nf6 2. e3 g6 3. Nf3 Bg7 4. Be2 O-O 5. O-O b6 6. b3 Bb7 7.
Bb2 d6 8. c4 Nbd7 9. Qc1 Ne4 10.
Nbd2 Ndf6 11. d5 Nxd2 12. Qxd2 c6 13. dxc6 Bxc6 14. Nd4 Bb7 15. Bf3 Qd7 16. Rfd1 Rac8 17. Rac1 a6 18. a4 h5 19. h3 Rfd8 20. a5 e5 21.
Bxb7 Qxb7 22. Ne2 bxa5 23. c5 Ne4 24. Qxa5 Qxb3 25. Ba3 d5 26. c6 Qa2 27. Nc3 Qxf2+ 28.
Kh2 Qg3+ 29. Kg1 Qxe3+ 30. Kh2 Qg3+ 31. Kg1 Nf2 32. Nxd5 Nxh3+ 33. Kh1 Nf2+ 34. Kg1 Nxd1 35. Rxd1 Rxd5 36. Qxd5 Qxa3 37. c7 Bf8 38. Kh1 Qc3 39. Rf1 Qxc7 40. Rf6 Kg7 41. Rxa6 Rd8 42. Qe4 Qc1+ 43.
Kh2 Qf4+ 44. Qxf4 exf4 45. Kh3 Rd3+ 46. Kh2 Bd6 47. Ra7 f3+ 48. Kh3 f2+ 49. Kh4 Bg3+ 50. Kh3 Bb8+ 51. Kh4 Bxa7 52. g3 f1=Q 53. g4 Qf2+ 54.
Kg5 f6# 0-1

[Event "*** Titled Tuesday Blitz"]
[Site "Chess.com"]
[Date "2020.05.05"]
[Round "4"]
[White "IwkooO"]
[Black "leoduarte"]
[Result "1-0"]
[WhiteElo "2575"]
[BlackElo "2337"]
[TimeControl "180+1"]
[EndTime "10:41:22 PDT"]
[Termination "IwkooO won on time"]

1. e4 c5 2. Nf3 e6 3. d4 cxd4 4. Nxd4 Nc6 5. Nc3 Qc7 6. Be2 a6 7. O-O Nf6 8. Be3 b5 9. a3 Bb7 10. f4 Nxd4 11. Qxd4 Rc8 12. Bf3 Bc5 13. Qxc5 Qxc5 14.
Bxc5 Rxc5 15. Rad1 e5 16. Rd6 exf4 17. e5 Bxf3 18. exf6 Bc6 19. Rxf4 gxf6 20. Rdxf6 O-O 21. Kf2 Kg7 22. g3 Re8 23. Rxf7+ Kg8 24. R7f5 Rxf5 25. Rxf5 Kg7 26. Rf4 a5 27. Ne2 Re5 28. Nd4 Rc5 29. c3 Kg6 30. Ke3 a4 31. Rf8 h6 32. Kd2 Bd5 33. Rb8 Bc6 34. Rf8 Rc4 35. Ke3 Rc5 36. Kf4 Rh5 37. h4 Rd5 38. Rf5 Rd6 39. h5+ Kg7 40. g4 Rf6 41. Rxf6 Kxf6 42. Nf5 Bd5 43. Nxh6 Bc4 44. g5+ 1-0

[Event "*** Titled Tuesday Blitz"]
[Site "Chess.com"]
[Date "2020.05.05"]
[Round "4"]
[White "Gordima"]
[Black "NikolaGry"]
[Result "0-1"]
[WhiteElo "2786"]
[BlackElo "2623"]
[TimeControl "180+1"]
[EndTime "10:41:23 PDT"]
[Termination "NikolaGry won by resignation"]

1. d4 d5 2. c4 Nc6 3. Nc3 dxc4 4. Nf3 Nf6 5. e3 e6 6. Bxc4 Bb4 7. O-O O-O 8. a3 Bd6 9. Nb5 a6 10. Nxd6 cxd6 11.
b3 d5 12. Bd3 Bd7 13. Bb2 Rc8 14. Ne5 Nxe5 15. dxe5 Ne4 16. Rc1 Bb5 17. Bxb5 axb5 18. Bd4 Rxc1 19. Qxc1 Qd7 20. Qb2 Rc8 21. Rc1 h5 22. f3 Ng5 23. Rc3 Nh7 24. Qc2 Rxc3 25. Qxc3 Nf8 26. Qc5 Ng6 27. g3 f6 28. exf6 e5 29. Bb2 gxf6 30. Kg2 Kf7 31. Qc2 f5 32. f4 d4 33. exd4 exf4 34. Qe2 h4 35. gxh4 f3+ 36. Kxf3 f4 37. Kf2 Qh3 38. Qf3 Qxh2+ 39.
Qg2 Qxh4+ 40. Ke2 Qh5+ 41. Kd2 f3 42. Qf2 Qg5+ 43. Kd3 Qf4 44. Bc3 Nh4 45. Bd2 Qf5+ 46. Kc3 Ng2 47. Kb4 Qe4 48. Qg3 Qe2 49. Qc7+ Kg6 50. Qd6+ Kf5 51. Qe5+ Qxe5 52. dxe5 f2 0-1

[Event "*** Titled Tuesday Blitz"]
[Site "Chess.com"]
[Date "2020.05.05"]
[Round "4"]
[White "Philosopherrr"]
[Black "Berardino"]
[Result "1-0"]
[WhiteElo "2487"]
[BlackElo "2648"]
[TimeControl "180+1"]
[EndTime "10:41:23 PDT"]
[Termination "Philosopherrr won on time"]

1. e4 c5 2. Nf3 b6 3. d4 cxd4 4.
Nxd4 Bb7 5. Nc3 Nf6 6. Bd3 Nc6 7. Nxc6 Bxc6 8. O-O e6 9. e5 Nd5 10. Ne4 Qc7 11.
c4 Nb4 12. Bf4 Nxd3 13. Qxd3 Rc8 14. Rac1 Qb7 15. f3 Bxe4 16. fxe4 Bc5+ 17. Kh1 O-O 18. a3 a5 19. Qf3 a4 20. Rcd1 Be7 21. Qd3 Rc7 22. Qc2 Qc6 23. Rf3 Rcc8 24. Rc3 f5 25.
exf6 Bxf6 26. e5 Be7 27. Bg3 Rf7 28. h3 Rcf8 29. Qe2 Bc5 30. Rcd3 h6 31. Kh2 Bf2 32. Qg4 Bxg3+ 33. Qxg3 Qxc4 34. Rxd7 Qf4 35. Rxf7 Rxf7 36. Rd6 Qc4 37. Rxb6 Kh7 38. Rb4 Qc1 39. Qd3+ g6 40. Rg4 Rg7 41. Rxa4 h5 42. h4 Qe1 43. Qg3 Qd1 44. Rf4 Rc7 45. Qf3 Qe1 46. Rf7+ Rxf7 47. Qxf7+ Kh6 48. Qf4+ Kh7 49. b4 Qd1 50. b5 Qd5 51. a4 Qb3 52. Qd4 Qb1 53. b6 1-0